 Dungeon Crawl Stone Soup version 0.30-a0-739-gea05faddec (webtiles) character file.

Game seed: 12139175196207343168

79 cforsyth the Firebug (level 4, -5/24 HPs)
             Began as a Tengu Fire Elementalist on Feb 4, 2023.
             Killed by divine providence
             ... invoked by an orc priest
              (14 damage)
             ... on level 4 of the Dungeon.
             The game lasted 00:04:13 (4132 turns).

cforsyth the Firebug (Tengu Fire Elementalist)      Turns: 4132, Time: 00:04:14

Health: -5/24      AC:  2    Str:  8    XL:     4   Next: 37%
Magic:  3/8        EV: 13    Int: 18    God:
Gold:   85         SH:  0    Dex: 14    Spells: 5/8 levels left

rFire   . . .      SeeInvis .    (no weapon)
rCold   . . .      Faith    .    (no shield)
rNeg    . . .      Spirit   .    a - +0 robe
rPois   .          Reflect  .    (helmet restricted)
rElec   .          Harm     .    (no cloak)
rCorr   .          Rampage  .    (no gloves)
Will    .....                    (boots unavailable)
Stlth   ++                       (no amulet)
HPRegen 0.24/turn                f - ring of wizardry
MPRegen 0.11/turn                (no ring)

@: very slightly contaminated
A: beak, talons 3
a: no special abilities


You were on level 4 of the Dungeon.
You visited 1 branch of the dungeon, and saw 4 of its levels.

You collected 85 gold pieces.

Inventory:

Armour
 a - a +0 robe (worn)
Jewellery
 f - a ring of wizardry (left hand)
Scrolls
 d - 3 scrolls of identify {unknown}
 g - 2 scrolls of enchant weapon {unknown}
 h - 3 scrolls of immolation {unknown}
 l - a scroll of vulnerability {unknown}
 n - a scroll of noise {unknown}
 r - a scroll of teleportation {unknown}
 t - a scroll of brand weapon {unknown}
 u - 2 scrolls of blinking {unknown}
 v - a scroll of fear {unknown}
Potions
 b - a potion of magic
 c - 3 potions of lignification {unknown}
 e - a potion of might {unknown}
 i - 3 potions of mutation {unknown}
 j - 2 potions of haste {unknown}
 k - a potion of flight {unknown}
 m - 4 potions of curing {unknown}
 o - a potion of brilliance {unknown}
 p - a potion of heal wounds {unknown}
 q - a potion of resistance {unknown}
 s - 4 potions of ambrosia {unknown}


   Skills:
 + Level 2.9 Dodging
 + Level 2.7 Stealth
 + Level 2.5 Spellcasting
 + Level 2.7 Conjurations
 + Level 3.8 Fire Magic


You had 5 spell levels left.
You knew the following spells:

 Your Spells              Type           Power      Damage    Failure   Level
a - Foxfire               Conj/Fire      56%        2x1d6     1%          1
b - Scorch                Fire           32%        2d6       2%          2

Your spell library contained the following spells:

 Spells                   Type           Power      Damage    Failure   Level
 Necrotise                Necr           8%         1d4       7%          1
 Slow                     Hex            8%         N/A       7%          1
 Inner Flame              Hex/Fire       9%         N/A       10%         3
 Kindle Blastsparks       Fire/Tloc/Air  12%        2d11      12%         3
 Flame Wave               Conj/Fire      14%        2d6       17%         4
 Confusing Touch          Hex            2%         N/A       21%         3
 Vampiric Draining        Necr           2%         2d6       21%         3
 Agony                    Necr           2%         N/A       86%         5


Dungeon Overview and Level Annotations

Branches:
Dungeon (4/15)
 Temple: D:4-7

Altars:
Dithmenos
Hepliaklqana
Qazlal
Xom


Innate Abilities, Weirdness & Mutations

You have a beak for a mouth.
You have claws for feet.


Message History

Your foxfire dissipates! x2
An orc priest, an orc wizard and a kobold come into view.
The orc priest shouts!
The orc shouts!
The orc priest looks braver for a moment.
The orc wizard shouts!
The kobold shouts!
You conjure some foxfire!
The foxfire hits the orc.
The orc is moderately wounded.
You miscast Foxfire.
You are very lightly contaminated with residual magic.
Nothing appears to happen.
The foxfire hits the orc but does no damage.
The orc is moderately wounded.
You conjure some foxfire!
The orc closely misses you.
The orc wizard gestures at you while chanting.
The magic dart hits you!
You conjure some foxfire!
The foxfire hits the orc but does no damage.
The orc is moderately wounded.
The foxfire hits the orc but does no damage.
The orc is moderately wounded.
The foxfire hits the orc priest.
The orc priest is lightly wounded.
The orc completely misses you.
You conjure some foxfire!
The foxfire hits the orc but does no damage.
The orc is moderately wounded.
The orc wizard hits you with a +0 dagger.
The orc hits you with a +0 falchion.
You are too injured to fight recklessly!
You are too injured to fight recklessly!
You are too injured to fight recklessly!
You are too injured to fight recklessly!
Found a scroll labelled SOAKOICSIU.
The foxfire hits the orc.
The orc is heavily wounded.
The foxfire hits the orc priest.
The orc priest is moderately wounded.
The orc priest mumbles some strange prayers to Beogh against you.
Beogh smites you!
Ouch! That really hurt!
You die...

.........########
#.......##.....#
#....... #.....#
#...... #.....#
###.....####.....#
+...........>....#
###.Ko..####.....#####
#.oo..##.......§...<
#..@...#.......§....
#......#...........§
##.....+...........≈
#.....#......)....≈
###.###...........≈
..# #...........≈ .#
#...).......≈
?......######... ####.
.##


You could see an orc priest, an orc wizard, an orc and a kobold.

Vanquished Creatures
  An ufetubus (D:4)
  A dart slug (D:1)
  6 bats
  5 endoplasms
  4 giant cockroaches
  6 goblins
  9 hobgoblins
  4 quokkas (D:1)
  8 ball pythons
  5 frilled lizards
  8 kobolds
  7 rats
64 creatures vanquished.

Vanquished Creatures (collateral kills)
  A foxfire (D:1)
1 creature vanquished.

Vanquished Creatures (others)
  283 foxfires
  89 plants (D:1)
372 creatures vanquished.

Grand Total: 437 creatures vanquished

Notes
Turn   | Place    | Note
-------+----------+-------------------------------------------
     0 | D:1      | cforsyth the Tengu Fire Elementalist began the quest for
                  | the Orb.
     0 | D:1      | Reached XP level 1. HP: 10/10 MP: 4/4
   431 | D:1      | Reached XP level 2. HP: 15/15 MP: 3/6
  1209 | D:1      | Reached XP level 3. HP: 14/19 MP: 3/7
  3156 | D:3      | Found a shimmering altar of Xom.
  3210 | D:3      | Found a shadowy altar of Dithmenos.
  3210 | D:3      | Found a stormy altar of Qazlal.
  3315 | D:3      | Reached XP level 4. HP: 24/24 MP: 4/8
  3602 | D:3      | Learned a level 2 spell: Scorch
  4002 | D:4      | Found a hazy altar of Hepliaklqana.
  4132 | D:4      | Killed from afar by an orc priest

Illustrated notes

Levels and vault maps discovered:
D:1:      roderic_crop_circles_arrival_small, layout_basic, minmay_pentomino_w2
D:2:      layout_basic, nicolae_eternal_life, minmay_split_cup_large
D:3:      layout_loops_corners, overflow_temple_1_default,
          mainiacjoe_overflow_divided_tiny
D:4:      layout_basic, general_overflow_altar, minmay_misc_feat_more_columns,
          hellmonk_guarded_unrand_hermit, uniq_duvessa

Skill      XL: |  1  2 |
---------------+-------+-----
Conjurations   | 2 |  2.7
Dodging        | |  2.9
Stealth        | |  2.7
Spellcasting   | |  2.5
Fire Magic     | |  3.8

Action                     |  1- 3 |  4- 6 || total
---------------------------+-------+-------++-------
  Melee: Unarmed           |   122 |     1 ||   123
         Kick              |    78 |       ||    78
         Peck              |    50 |       ||    50
         Punch             |     2 |       ||     2
   Cast: Foxfire           |   129 |    44 ||   173
 Armour: Robe              |    14 |     1 ||    15
  Dodge: Dodged            |    39 |     2 ||    41

Table legend: (Time is in decaauts)
 A = Elapsed time spent in this place.
 B = Non-inter-level travel time spent in this place.
 C = Inter-level travel time spent in this place.
 D = Time resting spent in this place.
 E = Time spent auto-exploring this place.
 F = Levels seen in this place.
 G = Mean time per level.
                   A        B        C        D        E       F      G
               +--------+--------+--------+--------+--------+-----+--------+
         Total |   4130 |   4083 |     47 |      0 |   3452 |   4 | 1032.5 |
       Dungeon |   4130 |   4083 |     47 |      0 |   3452 |   4 | 1032.5 |
               +--------+--------+--------+--------+--------+-----+--------+

Top non-repeatable levels by time:
     D:1: 1609 daAuts
     D:3: 1240 daAuts
     D:2: 1150 daAuts
     D:4: 129 daAuts
